Map: Mech-Depot LE

Players

Pepe - Winner!

  • Race: Zerg Zerg
  • League: Platinum
  • Spawn Location: 1:00

Panda

  • Race: Zerg Zerg
  • League: Platinum
  • Spawn Location: 7:00

VOD

Have the link to the VOD?

Description

Time

  • Played on: Aug. 30, 2017, 4:40 p.m.
  • Length: 3:07
Show
View Real Time Build Order
Export as new Build Order

Pepe Zerg - Winner!

Build Orders: Hatch First 

Get SALT Encoding   

  12  0:01  Drone  
  13  0:09  Drone  
  14  0:16  Overlord  
  14  0:34  Drone x2  
  14  0:35  Drone  
  17  0:45  Drone  
  18  0:57  Hatchery  
  18  0:58  Drone  
  18  1:01  Extractor  
  17  1:14  Spawning Pool  
  17  1:17  Drone  
  17  1:20  Drone  
  18  1:28  Drone  
  19  1:39  Drone  
  20  1:50  Overlord  
  20  2:00  Queen  
  22  2:08  Queen  
  22  2:09  Drone  
  22  2:13  Drone  
  22  2:14  Spine Crawler  
  25  2:16  Drone  
  26  2:31  Zergling x4  
Show
View Real Time Build Order
Export as new Build Order

Panda Zerg 

Build Orders: Pool Only 

Get SALT Encoding   

  12  0:01  Drone  
  13  0:17  Extractor  
  12  0:26  Spawning Pool  
  12  0:28  Drone  
  12  0:33  Drone  
  13  0:46  Overlord  
  13  0:48  Drone  
  14  1:10  Drone  
  15  1:17  Zergling x4  
  17  1:21  Metabolic Boost  
  17  1:27  Queen  
  17  1:32  Zergling x2  
  20  1:46  Overlord  
  20  1:54  Baneling Nest  
  20  1:58  Zergling x4  
  21  2:05  Zergling x2  
  22  2:29  Zergling x4  
  24  2:40  Baneling x3  
  24  2:42  Zergling x6  
Tags
 
Matchup
ZvZ
Race
Zerg
Replay Pack
replays1
Spawn Locations
Cross Positions
Add a new tag
Caveats
  • Supply blocks, unpowered buildings, or Contaminate may cause inaccurate times.
  • Supply counts are checked every 10 seconds.